Map: Dasan Station LE

Players

Gracz

  • Race: Terran Terran
  • League: Silver

leafs - Winner!

  • Race: Zerg Zerg

VOD

Have the link to the VOD?

Description

Time

  • Played on: Oct. 22, 2016, 1:05 p.m.
  • Length: 23:30
Show
View Real Time Build Order
Export as new Build Order

Gracz Terran 

Build Orders: MMM Bio 

Get SALT Encoding   

  12  0:01  SCV  
  13  0:17  Supply Depot  
  13  0:20  SCV  
  14  0:24  Refinery  
  14  0:36  SCV  
  14  0:42  Barracks  
  15  1:06  Supply Depot  
  15  1:08  SCV  
  16  1:15  Refinery  
  16  1:20  SCV  
  17  1:46  Factory  
  17  1:59  Unknown, Command Center  
  17  2:11  SCV  
  18  2:19  Barracks Tech Lab  
  18  2:23  SCV  
  19  2:35  Starport  
  19  2:46  Orbital Command  
  19  3:10  Unknown  
  19  3:20  Marauder  
  19  3:21  Factory  
  19  3:22  Factory Tech Lab  
  21  3:33  Barracks  
  21  3:38  SCV  
  22  3:50  SCV x2  
  24  4:17  SCV  
  24  4:21  SCV  
  26  4:27  Starport Reactor  
  26  4:30  Barracks Reactor  
  26  4:32  Factory  
  26  4:33  SCV  
  27  4:39  Marauder  
  27  4:46  Cyclone, Factory Tech Lab  
  27  4:51  Supply Depot  
  31  5:11  Marine x2  
  31  5:12  Marauder  
  31  5:13  Cyclone  
  39  5:17  SCV  
  39  5:20  Orbital Command  
  40  5:24  Medivac x2  
  40  5:25  Factory Tech Lab  
  44  5:29  SCV  
  45  5:37  Refinery  
  45  5:40  Refinery  
  45  5:41  SCV  
  46  5:54  SCV  
  47  6:06  SCV  
  47  6:09  Marine x2  
  47  6:10  Marauder  
  52  6:18  SCV  
  53  6:19  Cyclone x2  
  61  6:26  SCV  
  61  6:29  Marine x2  
  61  6:30  SCV  
  61  6:32  Marauder  
  67  6:37  Stimpack  
  67  6:38  SCV  
  68  6:42  SCV  
  69  6:47  Marine  
  70  7:06  Liberator  
  52  7:21  Marine x2  
  42  7:26  Cyclone x3  
  42  7:29  Marauder  
  59  7:38  Marine  
  59  7:39  Marine, SCV x2  
  63  7:47  Mag-Field Accelerator  
  64  7:51  SCV x2  
  64  7:56  Marine  
  64  7:57  Supply Depot  
  70  7:58  Cyclone  
  70  8:19  Cyclone x2  
  78  8:38  Combat Shields  
  57  9:15  Liberator  
  57  9:30  Marine  
  57  9:31  Marine  
  59  9:34  Cyclone  
  59  9:35  Cyclone x2  
  74  9:41  Marauder  
  76  9:46  Barracks  
  76  9:48  Barracks  
  76  9:53  Marine x2  
  78  10:03  Marauder  
  78  10:06  Cyclone  
  78  10:07  Cyclone  
  88  10:11  Marine  
  89  10:25  Marauder  
  91  10:33  Marine x2  
  37  11:15  SCV x2  
  39  11:19  Barracks Reactor  
  39  11:20  Barracks Tech Lab  
  39  11:24  Armory  
  39  11:27  SCV  
  40  11:33  SCV  
  40  11:39  SCV  
  42  11:46  SCV  
  43  11:51  SCV  
  44  12:19  Liberator  
  45  12:23  Marine x2, Marauder  
  48  12:30  Engineering Bay, Terran Vehicle Weapons Level 1  
  51  12:37  Cyclone  
  51  12:39  Marine  
  51  12:40  Marine  
  51  12:41  Concussive Shells, Marine  
  58  12:45  Unknown, Command Center, Marauder  
  60  12:54  SCV x2  
  60  12:57  Marine  
  60  12:58  Marine  
  64  13:06  SCV  
  64  13:07  SCV  
  64  13:09  Cyclone, Siege Tank  
  64  13:10  Siege Tank  
  76  13:19  SCV  
  77  13:53  Medivac x2  
  85  13:55  Cyclone  
  85  13:56  Marine x2  
  85  13:57  Marine x2, Unknown  
  85  13:58  Marauder  
  85  13:59  Marauder  
  93  14:14  Marine  
  93  14:15  Marine  
  95  14:19  Marauder  
  60  14:48  Cyclone  
  60  14:49  Marine  
  60  14:50  Marine x2  
  60  14:51  Marine x3  
  69  15:07  Marine  
  69  15:08  Marine x2  
  69  15:09  Marine x3  
  75  15:42  Orbital Command  
  75  15:56  Fusion Core  
  75  15:59  Terran Infantry Weapons Level 1  
  75  16:00  Terran Vehicle Weapons Level 2  
  75  16:07  Engineering Bay  
  75  16:20  Refinery  
  75  16:22  Refinery  
  75  16:58  Marine  
  75  16:59  Marine x5  
  81  17:01  Cyclone x3  
  93  17:14  SCV  
  94  17:24  Supply Depot  
  94  17:27  Supply Depot  
  94  17:45  Cyclone, Marine x3, SCV  
  94  17:49  Cyclone, Marine x3, SCV  
  110  17:58  SCV  
  79  18:03  Marine x2  
  72  18:07  Marine x3  
  72  18:10  SCV  
  52  18:35  Unknown, Command Center  
  52  18:45  Unknown, Command Center  
  52  19:00  SCV  
  52  19:01  Supply Depot  
  53  19:13  Marine  
  53  19:14  Marine x2  
  56  19:32  Marine x4  
  60  19:47  Unknown  
  60  19:57  Unknown, Orbital Command  
  60  20:02  SCV  
  60  20:03  SCV  
  62  20:15  Marine x2  
  38  20:41  Cyclone  
  38  20:42  Cyclone  
  46  20:47  SCV  
  47  21:37  Orbital Command  
  47  22:04  Orbital Command  
  47  22:24  Cyclone  
  47  22:25  Cyclone  
  47  22:26  Marine  
  47  22:27  Marine x5  
  61  22:44  Marine  
  61  22:45  Marine x5  
  61  22:46  SCV  
  68  22:58  SCV  
  69  23:02  Marine x6  
Show
View Real Time Build Order
Export as new Build Order

leafs Zerg - Winner!

Build Orders: Hatch First 

Get SALT Encoding   

  12  0:01  Drone  
  13  0:12  Overlord  
  13  0:31  Drone x3  
  16  0:42  Drone  
  17  1:03  Unknown, Hatchery  
  16  1:05  Drone x2  
  16  1:08  Extractor  
  17  1:18  Spawning Pool  
  17  1:20  Drone  
  17  1:30  Drone  
  18  1:39  Drone  
  19  1:50  Overlord  
  19  1:57  Drone  
  20  2:06  Queen  
  22  2:09  Metabolic Boost  
  22  2:14  Queen, Unknown  
  24  2:19  Drone x2  
  24  2:21  Drone  
  27  2:29  Zergling x2  
  28  2:38  Zergling x2  
  28  2:40  Drone  
  30  2:45  Drone  
  31  2:53  Queen  
  33  3:04  Unknown, Hatchery  
  32  3:11  Drone x3  
  32  3:12  Drone  
  36  3:32  Lair, Extractor  
  36  3:33  Drone  
  36  3:34  Overlord  
  36  3:43  Extractor  
  36  3:44  Extractor, Overlord, Drone  
  36  3:46  Overlord  
  35  3:51  Spore Crawler  
  35  3:52  Drone  
  36  3:55  Drone  
  36  3:58  Drone x5  
  36  3:59  Overlord  
  41  4:06  Drone  
  41  4:07  Drone  
  41  4:08  Baneling Nest  
  42  4:16  Unknown  
  41  4:29  Drone x2  
  43  4:33  Evolution Chamber  
  43  4:35  Evolution Chamber  
  43  4:38  Evolution Chamber  
  40  4:40  Drone x4  
  40  4:42  Queen, Drone x4  
  40  4:43  Drone x2  
  51  4:54  Centrifical Hooks  
  51  5:00  Drone x2  
  51  5:01  Drone x4  
  51  5:04  Zerg Ground Armor Level 1  
  51  5:05  Zerg Melee Weapons Level 1  
  57  5:09  Drone x2  
  59  5:22  Drone  
  59  5:23  Drone x7  
  59  5:25  Spore Crawler  
  59  5:27  Extractor  
  59  5:28  Extractor, Overlord  
  64  5:39  Zerg Missile Weapons Level 1  
  64  5:53  Zergling x10  
  64  5:54  Zergling x2  
  70  6:08  Overlord x2  
  70  6:20  Overlord x3  
  70  6:30  Spire  
  69  6:36  Roach Warren, Drone x3  
  69  6:37  Drone x3  
  69  6:38  Zergling x2  
  69  6:39  Zergling x12  
  81  6:40  Baneling x2  
  81  6:41  Baneling x4  
  81  6:49  Zergling x14  
  81  7:24  Zerg Ground Armor Level 2  
  81  7:26  Zerg Melee Weapons Level 2  
  81  7:30  Burrow  
  81  7:31  Spire  
  81  7:33  Pneumatized Carapace  
  80  7:50  Zerg Flyer Armor Level 1  
  80  7:52  Zerg Missile Weapons Level 2  
  80  7:54  Glial Reconstitution  
  80  7:57  Hydralisk Den  
  79  7:59  Drone x6  
  85  8:07  Spore Crawler  
  84  8:15  Overlord  
  84  8:16  Unknown, Overlord x3, Hatchery  
  84  8:18  Overseer x2  
  81  8:43  Zerg Flyer Weapons Level 1  
  68  9:26  Zergling x18, Infestation Pit  
  68  9:27  Zergling x30  
  68  9:28  Unknown  
  91  9:39  Drone x6  
  91  9:42  Muscular Augments, Tunneling Claws  
  97  9:53  Baneling x5  
  97  9:54  Baneling x6  
  97  10:00  Extractor, Queen  
  97  10:03  Zergling x10  
  97  10:04  Zergling x4  
  107  10:08  Spore Crawler  
  107  10:09  Extractor  
  103  10:38  Zergling x18  
  103  10:39  Zergling x4, Overlord x5  
  103  10:41  Zerg Flyer Weapons Level 2, Zerg Flyer Armor Level 2  
  93  11:14  Hive, Pathogen Glands  
  93  11:38  Extractor x2  
  91  11:40  Lurker Den  
  91  11:41  Unknown, Hatchery  
  90  11:56  Baneling  
  90  11:57  Baneling x7  
  90  12:12  Unknown, Hatchery  
  89  12:32  Overseer  
  89  12:33  Zergling x6  
  89  12:34  Zergling x18  
  101  12:37  Zerg Melee Weapons Level 3, Zerg Missile Weapons Level 3, Zerg Ground Armor Level 3  
  101  12:38  Adrenal Glands  
  101  12:40  Neural Parasite  
  101  12:41  Ultralisk Cavern  
  100  12:51  Drone x5  
  100  12:52  Unknown, Drone  
  106  13:01  Unknown, Hatchery  
  106  13:02  Baneling x5  
  106  13:03  Baneling x8  
  106  13:05  Zergling x4, Extractor  
  104  13:06  Zergling x8  
  110  13:20  Extractor  
  110  13:24  Unknown  
  109  13:51  Extractor  
  109  13:52  Extractor, Spore Crawler  
  99  14:13  Unknown  
  99  14:14  Zergling x6  
  99  14:15  Zergling x4  
  103  14:19  Zerg Flyer Weapons Level 3, Zerg Flyer Armor Level 3, Chitinous Plating  
  103  14:27  Overseer  
  91  14:53  Drone x3  
  94  15:13  Drone  
  94  15:14  Drone x2  
  96  15:44  Drone  
  97  16:21  Unknown, Hatchery  
  97  16:23  Overlord x2  
  97  16:24  Overlord x4  
  96  16:39  Zergling x12  
  103  16:40  Zergling x2, Baneling  
  103  16:41  Baneling x5  
  102  16:56  Zergling x18  
  102  16:57  Zergling x18  
  102  16:58  Zergling x8  
  124  17:09  Overseer  
  124  17:21  Drone x6  
  124  17:22  Drone  
  131  17:26  Greater Spire  
  131  17:32  Unknown  
  123  18:03  Baneling x10  
  116  18:59  Spore Crawler  
  116  19:00  Extractor x2  
  105  20:51  Baneling x2  
  105  20:52  Baneling x6  
  105  22:11  Zergling x4  
  105  22:12  Zergling x18  
  105  22:13  Zergling x6  
  105  22:14  Baneling x2  
  105  22:15  Baneling x8  
  119  22:16  Baneling x2  
Tags
 
Add a new tag
Caveats
  • Supply blocks, unpowered buildings, or Contaminate may cause inaccurate times.
  • Supply counts are checked every 10 seconds.